 Dungeon Crawl Stone Soup version 0.31-a0-149-g3fdcc5976a (webtiles) character file.

Game seed: 18020779007248658849

287 jlumianski the Magician (level 6, -7/42 HPs)
             Began as a Djinni Fire Elementalist on June 8, 2023.
             Mangled by a mummy (12 damage)
             ... in an ossuary.
             The game lasted 00:11:29 (1385 turns).

jlumianski the Magician (Djinni Fire Elementalist)  Turns: 1385, Time: 00:11:30

Health: -7/42      AC:  2    Str:  7    XL:     6   Next: 56%
Gold:   72         EV: 13    Int: 22    God:
                   SH:  0    Dex: 13

rFire   + + .        n - +9 dagger "Ehuxt" {freeze, Int+3}
rCold   x . .        (no shield)
rNeg    . . .        a - +0 robe
rPois   ∞            (no helmet)
rElec   .            (no cloak)
rCorr   .            (no gloves)
SInv    .            (boots unavailable)
Will    .....        (no amulet)
Stlth   ++           (no ring)
HPRegen 0.27/turn    (no ring)
MPRegen 0.00/turn

%: infuse magic (-8 HP)
@: flying
A: sickness immunity, fire resistance 2, cold vulnerability 1, float, innate
caster, HP casting, extra vitality 1
a: no special abilities


You were in an ossuary.
You visited 1 branch of the dungeon, and saw 4 of its levels.
You also visited: Ossuary.

You collected 72 gold pieces.

Inventory:

Hand Weapons
 e - a +0 spear
 i - a +1 dagger of venom
 n - the +9 dagger "Ehuxt" (weapon) {freeze, Int+3}
   (You found it on level 3 of the Dungeon)

   Int:       It affects your intelligence (+3).
Missiles
 d - 7 poisoned darts
 j - 6 boomerangs (quivered)
Armour
 a - a +0 robe (worn)
Magical Staves
 f - a staff of air
Scrolls
 b - a scroll of vulnerability
 g - a scroll of brand weapon {unknown}
 k - 2 scrolls of amnesia
 l - a scroll of immolation {unknown}
 o - a scroll of teleportation {unknown}
Potions
 c - a potion of curing
 h - 2 potions of enlightenment
 m - a potion of degeneration
 p - 2 potions of mutation {unknown}


   Skills:
 + Level 1.4 Fighting
 + Level 1.1 Short Blades
 + Level 3.4 Dodging
 + Level 3.1 Stealth
 * Level 4.1 Spellcasting
 * Level 4.1 Conjurations
 * Level 4.1 Hexes
 * Level 4.1 Summonings
 * Level 4.1 Necromancy
 * Level 4.1 Translocations
 * Level 4.1 Transmutations
 * Level 4.1 Fire Magic
 * Level 4.1 Ice Magic
 * Level 4.1 Air Magic
 * Level 4.1 Earth Magic
 * Level 4.1 Poison Magic


You knew the following spells:

 Your Spells              Type           Power      Damage    Failure   Level
a - Foxfire               Conj/Fire      88%        2x1d8     1%          1
b - Scorch                Fire           44%        2d6       3%          2
c - Volatile Blastmotes   Fire/Tloc      44%        2d13      6%          3
d - Inner Flame           Hex/Fire       22%        N/A       6%          3
e - Flame Wave            Conj/Fire      22%        2d8       21%         4
f - Necrotise             Necr           88%        1d8       1%          1
g - Ensorcelled Hibernat  Hex/Ice        44%        N/A       3%          2
Your spell library was empty.

Dungeon Overview and Level Annotations

Branches:
Dungeon (4/15)            Ossuary (1/1)
 Temple: D:4-7

Altars:


Innate Abilities, Weirdness & Mutations

You are immune to sickness and miasma.
You are immune to poison.
Your flesh is very heat resistant. (rF++)
You are vulnerable to cold. (rC-)
You float through the air rather than walking.
You learn spells naturally, not from books.
Your magical power is your life essence.
You have superior vitality. (+4 MHP)


Message History

The mummy is severely damaged.
The mummy's fire resistance burns away.
The foxfire hits the mummy.
The mummy is burned terribly!
The mummy is moderately damaged.
The foxfire hits the mummy but does no damage.
The mummy is severely damaged.
Casting: Scorch (safe; 3% risk of failure)
Confirm with . or Enter, or press ? or * to list all spells.
You conjure some foxfire!
The mummy hits you!
You hit the mummy. You freeze the mummy.
You destroy the mummy!
The foxfire hits the mummy.
The mummy is burned terribly!
The mummy is moderately damaged.
The foxfire hits the mummy.
The mummy is burned terribly!
The mummy is heavily damaged.
The mummy misses you.
You hit the mummy.
The mummy is severely damaged.
The mummy hits you!
You puncture the mummy!
You destroy the mummy!
Casting: Foxfire (safe; 1% risk of failure)
Confirm with . or Enter, or press ? or * to list all spells.
Flames lash the mummy.
The mummy is burned terribly!
The mummy is heavily damaged.
The mummy's fire resistance burns away.
* * * LOW HITPOINT WARNING * * *
You puncture the mummy!
The mummy is almost destroyed.
You puncture the mummy!
You destroy the mummy!
There is an empty arch of ancient stone here.
You start resting.
A mummy comes into view.
Unknown command.
A mummy comes into view.
The mummy hits you!
* * * LOW HITPOINT WARNING * * *
The mummy hits you!
You die...

....##....##..
..............
.............
............
#........#
#......#
#....# #@...#
#.M..# #....#
#M...# #....#
#....# #....#
#.∩∩.# ######


You could see 2 mummies.

Vanquished Creatures
  A centaur (D:4)
  Jessica (D:2)
  An orc wizard (D:4)
  6 mummies
  3 adders
  A dart slug (D:3)
  An orc (D:4)
  4 ball pythons
  3 endoplasms
  5 giant cockroaches
  2 gnoll zombies (Ossuary)
  4 hobgoblins
  4 jackals
  3 kobolds
  4 quokkas
  3 bats
  A frilled lizard (D:1)
  4 goblins
  3 hobgoblin zombies (Ossuary)
  A kobold zombie (Ossuary)
  2 orc zombies (Ossuary)
  6 rats
63 creatures vanquished.

Vanquished Creatures (others)
  126 foxfires
126 creatures vanquished.

Grand Total: 189 creatures vanquished

Notes
Turn   | Place    | Note
-------+----------+-------------------------------------------
     0 | D:1      | jlumianski the Djinni Fire Elementalist began the quest for
                  | the Orb.
     0 | D:1      | jlumianski set off with the following spells memorised:
                  | Foxfire, Scorch, Volatile Blastmotes, Inner Flame, Flame
                  | Wave.
     0 | D:1      | Reached XP level 1. HP: 15/15 MP: 0/0
   227 | D:2      | Reached XP level 2. HP: 17/21 MP: 0/0
   404 | D:2      | Reached XP level 3. HP: 23/25 MP: 0/0
   404 | D:2      | Learned a level 1 spell: Necrotise
   443 | D:2      | Noticed Jessica
   449 | D:2      | Killed Jessica
   450 | D:2      | Reached XP level 4. HP: 29/31 MP: 0/0
  1075 | D:3      | Identified the +9 dagger "Ehuxt" {freeze, Int+3}
  1171 | D:4      | Reached XP level 5. HP: 32/36 MP: 0/0
  1171 | D:4      | Learned a level 2 spell: Ensorcelled Hibernation
  1242 | D:4      | Found a sand-covered staircase.
  1250 | D:4      | Noticed a centaur
  1256 | D:4      | Killed a centaur
  1257 | D:4      | Reached skill level 1 in Fighting
  1257 | D:4      | Reached skill level 1 in Short Blades
  1257 | D:4      | Reached XP level 6. HP: 32/42 MP: 0/0
  1269 | Ossuary  | Entered an ossuary
  1385 | Ossuary  | Mangled by a mummy

Illustrated notes

Levels and vault maps discovered:
D:1:      dpeg_arrival_circle_labyrinth_c, layout_rooms, feat_on_display
D:2:      layout_rooms, amcnicky_mini_corridor_feature, grunt_ministairs_3,
          dreamdust_princess_corridor, uniq_jessica
D:3:      layout_rooms, nzn_overflow_gifts_of_might_and_magic,
          kennysheep_generic_room_11
D:4:      layout_basic, gup_ossuary_entry_pyramid
Ossuary:  ossuary_tomb_3

Skill      XL: |  1  2  3  4  5  6 |
---------------+-------------------+-----
Spellcasting   | 4 |  4.1
Conjurations   | 4 |  4.1
Hexes          | 4 |  4.1
Summonings     | 4 |  4.1
Necromancy     | 4 |  4.1
Translocations | 4 |  4.1
Transmutations | 4 |  4.1
Fire Magic     | 4 |  4.1
Ice Magic      | 4 |  4.1
Air Magic      | 4 |  4.1
Earth Magic    | 4 |  4.1
Poison Magic   | 4 |  4.1
Stealth        | 2 3 |  3.1
Dodging        | 3 |  3.4
Fighting       | 1 |  1.4
Short Blades   | 1 |  1.1

Action                     |  1- 3 |  4- 6 || total
---------------------------+-------+-------++-------
  Melee: Spear             |     3 |       ||     3
         Dagger            |    11 |    34 ||    45
  Throw: Boomerang         |       |     5 ||     5
   Cast: Foxfire           |    21 |    48 ||    69
         Scorch            |     1 |     2 ||     3
         Inner Flame       |       |     3 ||     3
    Use: Scroll            |       |     7 ||     7
   Stab: Sleeping          |     1 |     1 ||     2
 Armour: Robe              |     3 |     3 ||     6
  Dodge: Dodged            |    11 |    29 ||    40

Table legend: (Time is in decaauts)
 A = Elapsed time spent in this place.
 B = Non-inter-level travel time spent in this place.
 C = Inter-level travel time spent in this place.
 D = Time resting spent in this place.
 E = Time spent auto-exploring this place.
 F = Levels seen in this place.
 G = Mean time per level.
                   A        B        C        D        E       F      G
               +--------+--------+--------+--------+--------+-----+--------+
         Total |   1391 |   1309 |     82 |     31 |    560 |   5 |  278.2 |
       Dungeon |   1275 |   1193 |     82 |      0 |    559 |   4 |  318.8 |
       Ossuary |    116 |    116 |      0 |     31 |      1 |   1 |  116.0 |
               +--------+--------+--------+--------+--------+-----+--------+

Top non-repeatable levels by time:
     D:1: 705 daAuts
     D:2: 350 daAuts
 Ossuary: 116 daAuts
     D:4: 111 daAuts
     D:3: 108 daAuts
